 Dungeon Crawl Stone Soup version 0.24-a0-429-g4608c8fa30 (webtiles) character file.

Game seed: 8961254333045893460

54 Amnesiac the Charmwright (level 3, -2/27 HPs)
             Began as a Merfolk Skald on June 13, 2019.
             Killed from afar by an orc wizard (7 damage)
             ... with a magic dart
             ... on level 3 of the Dungeon.
             The game lasted 00:03:02 (746 turns).

Amnesiac the Charmwright (Merfolk Skald)             Turns: 746, Time: 00:03:03

Health: -2/27      AC:  3    Str: 11    XL:     3   Next: 91%
Magic:  3/6        EV: 12    Int: 17    God:
Gold:   18         SH:  0    Dex: 14    Spells: 2/6 levels left

rFire    . . .     SeeInvis .   a - +0 spear
rCold    . . .     Gourm    .   (no shield)
rNeg     . . .     Faith    .   b - +0 leather armour
rPois    .         Spirit   .   (no helmet)
rElec    .         Reflect  .   (no cloak)
rCorr    .         Harm     .   (no gloves)
MR       .....                  (no boots)
Stlth    +.........             (no amulet)
HPRegen  0.09/turn              (no ring)
MPRegen  0.10/turn              (no ring)

@: brilliant
A: change form in water, swift swim, stealthy swim
a: no special abilities


You were on level 3 of the Dungeon.
You were not hungry.

You visited 1 branch of the dungeon, and saw 3 of its levels.

You collected 18 gold pieces.

Inventory:

Hand Weapons
 a - a +0 spear (weapon)
Missiles
 g - 10 poisoned darts (quivered)
Armour
 b - a +0 leather armour (worn)
Jewellery
 c - an uncursed ring of fire
 e - a +2 amulet of reflection
Scrolls
 h - a scroll of remove curse {!r}
 i - a scroll of identify {!r}
Comestibles
 d - 3 rations
 f - 2 chunks of flesh


   Skills:
 - Level 2.1 Fighting
 + Level 3.7 Polearms
 - Level 0.6 Armour
 - Level 2.6 Dodging
 - Level 2.0 Spellcasting
 + Level 1.2 Hexes
 - Level 4.5 Charms


You had 2 spell levels left.
You knew the following spells:

 Your Spells              Type           Power        Failure   Level  Hunger
a - Infusion              Chrm           ####         1%          1    #......
e - Spectral Weapon       Hex/Chrm       ###.....     3%          3    ###....

Your spell library contained the following spells:

 Spells                   Type           Power        Failure   Level  Hunger
 Shroud of Golubria       Chrm/Tloc      ###...       1%          2    ###....
 Song of Slaying          Chrm           ####....     1%          2    ###....
 Regeneration             Chrm/Necr      ###.......   3%          3    ###....


Dungeon Overview and Level Annotations

Branches:
Dungeon (3/15)

Altars:
Hepliaklqana


Message History

Attack whom?
Press: ? - help, Dir - move target cursor, f/p - orc wizard
Aim: an orc wizard, wielding a +0 dagger and wearing a +0 robe (fast)
The bat is in the way.
You hit the bat.
You kill the bat!
The orc wizard barely misses your spectral weapon.
Attack whom?
Press: ? - help, Dir - move target cursor, f/p - orc wizard
Aim: an orc wizard, wielding a +0 dagger and wearing a +0 robe (fast)
You could not reach far enough!
The orc wizard barely misses your spectral weapon.
The orc wizard hits your spectral weapon but does no damage.
Attack whom?
Press: ? - help, Dir - move target cursor, f/p - orc wizard
Aim: an orc wizard, wielding a +0 dagger and wearing a +0 robe (fast)
You reach to attack!
You closely miss the orc wizard.
The orc wizard barely misses your spectral weapon.
Attack whom?
Press: ? - help, Dir - move target cursor, f/p - orc wizard
Aim: an orc wizard, wielding a +0 dagger and wearing a +0 robe (moderately wounded, fast)
You could not reach far enough!
Attack whom?
Press: ? - help, Dir - move target cursor, f/p - orc wizard
Aim: an orc wizard, wielding a +0 dagger and wearing a +0 robe (moderately wounded, fast)
You hit the orc wizard.
The orc wizard is heavily wounded.
The orc wizard misses you.
The ball python bites your spectral weapon but does no damage.
The orc wizard hits you with a +0 dagger.
* * * LOW HITPOINT WARNING * * *
You hit the orc wizard.
You kill the orc wizard!
Your Hexes skill increases to level 1!
The ball python misses your spectral weapon.
Attack whom?
Press: ? - help, Dir - move target cursor, f - ball python
Aim: a ball python You reach to attack!
You hit the ball python.
The ball python is moderately wounded.
You kill the ball python!
Attack whom?
Press: ? - help, Dir - move target cursor, f - orc wizard
Aim: an orc wizard, wielding a +0 dagger and wearing a +0 robe You could not reach far enough!
The orc wizard looks braver for a moment.
Attack whom?
Press: ? - help, Dir - move target cursor, f/p - orc wizard
Aim: an orc wizard, wielding a +0 dagger and wearing a +0 robe You could not reach far enough!
The orc wizard hits your spectral weapon with a +0 dagger.
Attack whom?
Press: ? - help, Dir - move target cursor, f/p - orc wizard
Aim: an orc wizard, wielding a +0 dagger and wearing a +0 robe You reach to attack!
You hit the orc wizard.
The orc wizard is heavily wounded.
The orc wizard begins to cast a cantrip, but forgets the words!
Attack whom?
Press: ? - help, Dir - move target cursor, f/p - orc wizard
Aim: an orc wizard, wielding a +0 dagger and wearing a +0 robe (heavily wounded)
You reach to attack!
You hit the orc wizard.
The orc wizard is almost dead.
The orc wizard gestures at you while chanting.
The magic dart hits you!
You die...

......###.#..#..##....
##.##o###.#...o....#<#
........[..?.#..##.#.# #
###.#.###(#......S...#.###
#.#.# #......o..o.......
#.#.......######o(...##
#o######### #.#.### #.#
#######o# # #o# #....@)(#
#.# .......#### ###(####
....... #......# ...^...
).#.##.# ....... ####.# #
....... #.. ....... #.#
....... #. .#


You could see an orc wizard and a friendly spectral +0 spear.

Vanquished Creatures
  An orc wizard (D:3)
  A worm (D:2)
  2 dart slugs
  An orc (D:2)
  A ball python (D:3)
  5 bats
  2 goblins
  2 hobgoblins
  A frilled lizard (D:2)
  4 rats
20 creatures vanquished.

Notes
Turn   | Place    | Note
-------+----------+-------------------------------------------
     0 | D:1      | Amnesiac the Merfolk Skald began the quest for the Orb.
     0 | D:1      | Reached XP level 1. HP: 16/16 MP: 3/3
   206 | D:1      | You fall into a shaft and drop 1 floor!
   208 | D:2      | Reached XP level 2. HP: 22/22 MP: 5/5
   242 | D:2      | Reached skill level 4 in Charms
   646 | D:3      | Found a hazy altar of Hepliaklqana.
   670 | D:3      | Reached XP level 3. HP: 22/27 MP: 6/6
   678 | D:3      | Learned a level 3 spell: Spectral Weapon
   739 | D:3      | Reached skill level 1 in Hexes
   746 | D:3      | Killed from afar by an orc wizard

Levels and vault maps discovered:
D:1:      ncdulo_watergridlock, layout_basic, minmay_hedge_maze
D:2:      layout_basic, makhleb_altar_promises_db, first_ration
D:3:      layout_loops_cross, marbit_many_paths

Skill      XL: |  1  2  3 |
---------------+----------+-----
Charms         | 4 |  4.5
Hexes          | 1 |  1.2
Fighting       | |  2.1
Polearms       | |  3.7
Armour         | |  0.6
Dodging        | |  2.6
Spellcasting   | |  2.0

Action                   || total
-------------------------++-------
Melee: Spear             ||    78
 Cast: Infusion          ||     3
       Spectral Weapon   ||     1
  Use: Scroll            ||     1
       Potion            ||     1
 Stab: Sleeping          ||     2
Armor: Leather armour    ||    30
Dodge: Dodged            ||    48

Table legend:
 A = Non-vault XP
 B = Vault XP
 C = Vault XP percentage of total XP
 D = Non-vault monster count
 E = Vault monster count
 F = Vault count percentage of total count
                 A         B        C        D         E       F
            +---------+---------+-------+---------+---------+-------
      Total |      77 |       1 |   1.3 |      19 |       1 |   5.0
            +---------+---------+-------+---------+---------+-------
        D:1 |       8 |       0 |   0.0 |       3 |       0 |   0.0
        D:2 |      23 |       0 |   0.0 |      11 |       0 |   0.0
        D:3 |      46 |       1 |   2.1 |       5 |       1 |  16.7
            +---------+---------+-------+---------+---------+-------
